General information
- name: BNet
- type: Ladder team game (AT/RT)
- host: Battle.net
- saver: syph3r
map: UpperKingdom
- players: 6
- length: 381:03
- speed: Fast
- version: 1.21 W3XP
- replay type: Public
» download(1151 KB)
Players
team 1 (loser)
bok_choi (
orange | 22 APM | 8380 actions | 380:59)
10 Shadow Hunter
3 Serpent Ward
3 Healing Wave
2 Big Bad Voodoo
2 Hex
9 Blademaster
3 Wind Walk
2 Critical Strike
1 Bladestorm
3 Mirror Image
» actions
| Assign group hotkey | 8 | |
| Basic commands | 166 | |
| Build / train | 296 | |
| Enter build submenu | 85 | |
| Enter hero's abilities submenu | 23 | |
| Give item / drop item | 10 | |
| Remove unit from queue | 41 | |
| Right click | 4196 | |
| Select / deselect | 3052 | |
| Select group hotkey | 7 | |
| Use ability | 494 | |
8380 total
» units
| Peon | 93 | |
| Grunt | 5 | |
| Troll Batrider | 50 | |
| Wind Rider | 48 | |
| Demolisher | 1 | |
197 total
» upgrades
| Armor | 3 | |
| Liquid Fire | 1 | |
| Ranged Weapons | 3 | |
| Spiked Barricades | 3 | |
| Reinforced Defenses | 2 | |
| Envenomed Spears | 1 | |
| Ensnare | 0 | |
13 total
» buildings
| Altar of Storms | 1 | |
| Orc Burrow | 9 | |
| Barracks | 1 | |
| Voodoo Lounge | 1 | |
| Stronghold | 1 | |
| War Mill | 1 | |
| Beastiary | 2 | |
| Fortress | 1 | |
| Great Hall | 15 | |
| Watch Tower | 41 | |
73 total
» build order
00:07 Altar of Storms
00:12 Orc Burrow
00:38 Barracks
01:37 Orc Burrow
02:18 Voodoo Lounge
04:16 Stronghold
05:47 Orc Burrow
05:54 War Mill
06:52 Beastiary
06:58 Beastiary
07:21 Fortress
08:44 Orc Burrow
09:26 Great Hall
09:43 Watch Tower
10:35 Orc Burrow
10:41 Watch Tower
11:39 Watch Tower
13:15 Orc Burrow
17:35 Orc Burrow
22:02 Watch Tower
22:07 Watch Tower
26:17 Watch Tower
29:09 Great Hall
29:24 Watch Tower
29:28 Watch Tower
29:30 Watch Tower
29:32 Watch Tower
29:40 Watch Tower
31:23 Great Hall
32:59 Watch Tower
33:56 Watch Tower
34:17 Watch Tower
35:58 Orc Burrow
36:35 Watch Tower
37:09 Watch Tower
39:00 Watch Tower
40:26 Watch Tower
42:48 Great Hall
44:13 Great Hall
44:47 Watch Tower
45:54 Watch Tower
49:32 Great Hall
49:48 Watch Tower
49:50 Watch Tower
50:54 Great Hall
50:56 Watch Tower
50:58 Watch Tower
52:05 Watch Tower
52:08 Watch Tower
53:36 Watch Tower
61:18 Great Hall
61:53 Watch Tower
61:56 Watch Tower
62:59 Watch Tower
63:01 Watch Tower
65:32 Great Hall
65:35 Watch Tower
65:37 Watch Tower
67:04 Watch Tower
75:15 Great Hall
79:40 Great Hall
85:41 Watch Tower
86:46 Watch Tower
89:22 Watch Tower
94:34 Watch Tower
99:05 Great Hall
99:45 Watch Tower
101:06 Watch Tower
110:46 Watch Tower
118:42 Great Hall
125:38 Great Hall
128:35 Great Hall
309:54 Orc Burrow
» items
| Lesser Clarity Potion | 11 | |
| Healing Salve | 2 | |
| Scroll of Town Portal | 7 | |
| Orb of Lightning | 1 | |
| Tiny Great Hall | 1 | |
22 total
bok_chow (
purple | 20 APM | 7721 actions | 380:59)
7 Shadow Hunter
3 Serpent Ward
2 Healing Wave
1 Big Bad Voodoo
1 Hex
3 Blademaster
2 Mirror Image
1 Critical Strike
» actions
| Assign group hotkey | 11 | |
| Basic commands | 266 | |
| Build / train | 81 | |
| ESC pressed | 1 | |
| Enter build submenu | 13 | |
| Enter hero's abilities submenu | 14 | |
| Give item / drop item | 11 | |
| Right click | 4976 | |
| Select / deselect | 1828 | |
| Select group hotkey | 151 | |
| Use ability | 363 | |
7721 total
» units
| Peon | 33 | |
| Grunt | 12 | |
| Shaman | 3 | |
| Troll Witch Doctor | 1 | |
| Wind Rider | 7 | |
56 total
» upgrades
| Shaman Training | 2 | |
| Witch Doctor Training | 2 | |
| Spiked Barricades | 1 | |
| Berserker Strength | 1 | |
6 total
» buildings
| Altar of Storms | 1 | |
| Orc Burrow | 7 | |
| Barracks | 1 | |
| War Mill | 1 | |
| Stronghold | 4 | |
| Spirit Lodge | 2 | |
| Fortress | 1 | |
17 total
» build order
00:18 Altar of Storms
00:22 Orc Burrow
00:37 Barracks
01:49 Orc Burrow
02:39 Orc Burrow
08:30 War Mill
09:40 Orc Burrow
12:23 Stronghold
12:24 Stronghold
12:24 Stronghold
15:47 Orc Burrow
16:11 Orc Burrow
16:15 Orc Burrow
17:13 Spirit Lodge
17:15 Spirit Lodge
19:04 Fortress
» items
| Healing Salve | 1 | |
| Potion of Healing | 1 | |
2 total
e4)DeaTH (
pink | 33 APM | 2913 actions | 88:14)
10 Shadow Hunter
3 Serpent Ward
3 Hex
1 Big Bad Voodoo
3 Healing Wave
7 Blademaster
3 Critical Strike
3 Wind Walk
1 Bladestorm
» actions
| Build / train | 134 | |
| ESC pressed | 1 | |
| Enter build submenu | 21 | |
| Enter hero's abilities submenu | 18 | |
| Give item / drop item | 4 | |
| Remove unit from queue | 10 | |
| Right click | 1606 | |
| Select / deselect | 925 | |
| Use ability | 193 | |
2913 total
» units
| Peon | 24 | |
| Grunt | 10 | |
| Demolisher | 4 | |
| Troll Headhunter/Berserker | 2 | |
| Raider | 11 | |
| Troll Batrider | 37 | |
88 total
» upgrades
| Troll Regeneration | 1 | |
| Burning Oil | 1 | |
| Ensnare | 1 | |
| Liquid Fire | 1 | |
| Armor | 3 | |
| Ranged Weapons | 1 | |
8 total
» buildings
| Altar of Storms | 1 | |
| Orc Burrow | 8 | |
| Barracks | 2 | |
| Voodoo Lounge | 1 | |
| Stronghold | 2 | |
| War Mill | 1 | |
| Great Hall | 3 | |
| Fortress | 1 | |
| Beastiary | 3 | |
22 total
» build order
00:06 Altar of Storms
00:11 Orc Burrow
00:35 Barracks
01:29 Orc Burrow
02:02 Voodoo Lounge
03:26 Stronghold
03:26 Stronghold
04:20 Orc Burrow
04:24 Orc Burrow
05:54 Barracks
06:14 War Mill
08:51 Great Hall
09:02 Fortress
10:39 Orc Burrow
10:41 Orc Burrow
12:19 Beastiary
14:16 Beastiary
17:38 Orc Burrow
17:39 Orc Burrow
22:31 Beastiary
37:09 Great Hall
62:19 Great Hall
» items
| Healing Salve | 3 | |
| Orb of Lightning | 1 | |
4 total
team 2 (winner)
AvuncularLegume (
red | 37 APM | 14045 actions | 380:59)
10 Warden
3 Shadow Strike
3 Blink
1 Spirit of Vengeance
3 Fan of Knives
1 Blood Mage
1 Summon Phoenix
» actions
| Assign group hotkey | 23 | |
| Basic commands | 45 | |
| Build / train | 133 | |
| Enter build submenu | 31 | |
| Enter hero's abilities submenu | 12 | |
| Give item / drop item | 6 | |
| Remove unit from queue | 4 | |
| Right click | 11129 | |
| Select / deselect | 1325 | |
| Select group hotkey | 177 | |
| Use ability | 1160 | |
14045 total
» units
| Wisp | 27 | |
| Chimaera | 23 | |
| Dryad | 41 | |
| Archer | 2 | |
93 total
» upgrades
| Strength of the Wild | 3 | |
| Reinforced Hides | 3 | |
| Ultravision | 1 | |
| Well Spring | 1 | |
| Corrosive Breath | 1 | |
| Strength of the Moon | 1 | |
| Moon Armor | 1 | |
| Abolish Magic | 1 | |
| Marksmanship | 1 | |
13 total
» buildings
| Altar of Elders | 2 | |
| Moon Well | 16 | |
| Tree of Ages | 1 | |
| Hunter's Hall | 1 | |
| Ancient of Wind | 1 | |
| Tree of Eternity | 2 | |
| Ancient of Wonders | 1 | |
| Chimaera Roost | 2 | |
| Tree of Life | 2 | |
| Ancient of War | 1 | |
| Ancient of Lore | 2 | |
31 total
» build order
00:10 Altar of Elders
00:13 Moon Well
01:10 Moon Well
02:03 Moon Well
03:06 Moon Well
04:03 Moon Well
05:03 Moon Well
05:35 Tree of Ages
06:05 Hunter's Hall
07:13 Moon Well
08:09 Ancient of Wind
08:22 Tree of Eternity
08:22 Tree of Eternity
09:09 Moon Well
10:07 Ancient of Wonders
11:06 Chimaera Roost
11:14 Chimaera Roost
25:57 Tree of Life
29:11 Tree of Life
52:51 Moon Well
52:55 Moon Well
52:58 Moon Well
53:02 Moon Well
53:04 Moon Well
76:36 Ancient of War
77:32 Ancient of Lore
77:38 Ancient of Lore
83:33 Altar of Elders
86:00 Moon Well
86:41 Moon Well
93:17 Moon Well
» items
| Orb of Lightning | 1 | |
| Tiny Great Hall | 1 | |
| Scroll of Town Portal | 2 | |
4 total
syph3r (
green | 23 APM | 8923 actions | 381:03)
6 Archmage
3 Blizzard
2 Brilliance Aura
1 Mass Teleport
5 Blood Mage
3 Flame Strike
2 Banish
2 Blademaster
2 Mirror Image
» actions
| Assign group hotkey | 55 | |
| Basic commands | 366 | |
| Build / train | 259 | |
| ESC pressed | 46 | |
| Enter build submenu | 239 | |
| Enter hero's abilities submenu | 14 | |
| Give item / drop item | 2 | |
| Remove unit from queue | 1 | |
| Right click | 4644 | |
| Select / deselect | 2379 | |
| Select group hotkey | 161 | |
| Use ability | 754 | |
8923 total
» units
| Peasant | 26 | |
| Mortar Team | 8 | |
| Troll Batrider | 42 | |
| Gryphon Rider | 12 | |
| Dragonhawk Rider | 5 | |
93 total
» upgrades
| Masonry | 2 | |
| Lumber Harvesting | 1 | |
| Flare | 1 | |
| Fragmentation Shards | 1 | |
| Magic Sentry | 1 | |
| Storm Hammers | 1 | |
| Cloud | 1 | |
8 total
» buildings
| Lumber Mill | 6 | |
| Altar of Kings | 3 | |
| Farm | 13 | |
| Scout Tower | 216 | |
| Arcane Tower | 15 | |
| Guard Tower | 118 | |
| Keep | 4 | |
| Blacksmith | 2 | |
| Castle | 2 | |
| Workshop | 3 | |
| Arcane Sanctum | 1 | |
| Town Hall | 5 | |
| Gryphon Aviary | 1 | |
| Barracks | 1 | |
| Beastiary | 1 | |
| Arcane Vault | 2 | |
393 total
» build order
00:12 Lumber Mill
00:15 Altar of Kings
00:23 Farm
00:47 Scout Tower
01:21 Scout Tower
01:32 Arcane Tower
01:51 Farm
01:57 Guard Tower
01:59 Scout Tower
02:07 Scout Tower
02:21 Scout Tower
02:39 Scout Tower
02:44 Farm
02:51 Guard Tower
02:54 Arcane Tower
03:02 Scout Tower
03:04 Scout Tower
03:05 Scout Tower
03:08 Guard Tower
03:26 Scout Tower
03:27 Scout Tower
03:28 Scout Tower
03:52 Guard Tower
03:58 Guard Tower
04:18 Scout Tower
04:39 Arcane Tower
04:41 Guard Tower
04:45 Guard Tower
04:47 Scout Tower
05:06 Keep
05:19 Guard Tower
05:22 Scout Tower
05:23 Scout Tower
05:26 Scout Tower
05:34 Guard Tower
05:36 Scout Tower
05:39 Scout Tower
05:40 Scout Tower
06:17 Arcane Tower
06:18 Guard Tower
06:26 Guard Tower
06:46 Guard Tower
06:49 Scout Tower
06:53 Scout Tower
07:10 Scout Tower
07:17 Guard Tower
07:20 Guard Tower
07:47 Blacksmith
07:52 Scout Tower
07:54 Scout Tower
08:02 Guard Tower
08:05 Scout Tower
08:06 Scout Tower
08:07 Scout Tower
08:08 Scout Tower
08:10 Scout Tower
08:20 Guard Tower
09:03 Guard Tower
09:10 Castle
09:40 Scout Tower
09:41 Scout Tower
09:43 Scout Tower
09:44 Scout Tower
09:45 Scout Tower
09:46 Scout Tower
09:48 Scout Tower
10:04 Workshop
10:14 Scout Tower
10:16 Scout Tower
10:17 Scout Tower
10:17 Scout Tower
10:21 Guard Tower
10:46 Arcane Tower
10:47 Guard Tower
10:56 Scout Tower
10:57 Scout Tower
10:58 Scout Tower
11:00 Scout Tower
11:01 Scout Tower
11:06 Guard Tower
11:33 Guard Tower
12:03 Guard Tower
12:30 Guard Tower
12:51 Guard Tower
12:55 Scout Tower
14:19 Guard Tower
14:22 Workshop
14:33 Scout Tower
14:34 Scout Tower
14:36 Scout Tower
14:38 Scout Tower
14:38 Scout Tower
14:40 Scout Tower
14:46 Guard Tower
14:50 Scout Tower
14:52 Scout Tower
14:53 Scout Tower
15:05 Guard Tower
15:27 Farm
15:46 Guard Tower
16:06 Guard Tower
16:18 Scout Tower
16:22 Scout Tower
16:23 Scout Tower
16:24 Scout Tower
16:25 Scout Tower
16:26 Scout Tower
16:27 Scout Tower
16:28 Scout Tower
16:57 Guard Tower
17:13 Guard Tower
17:17 Guard Tower
17:33 Guard Tower
17:36 Scout Tower
17:38 Scout Tower
17:39 Scout Tower
17:40 Scout Tower
18:13 Guard Tower
18:31 Arcane Tower
18:32 Guard Tower
18:35 Guard Tower
19:11 Arcane Sanctum
19:35 Guard Tower
19:45 Guard Tower
20:13 Town Hall
23:26 Farm
27:24 Guard Tower
27:30 Scout Tower
27:32 Scout Tower
27:33 Scout Tower
27:34 Scout Tower
28:16 Town Hall
28:19 Scout Tower
28:21 Scout Tower
28:21 Scout Tower
28:22 Scout Tower
28:25 Scout Tower
28:26 Scout Tower
28:26 Scout Tower
28:27 Scout Tower
28:34 Arcane Tower
28:49 Guard Tower
28:52 Guard Tower
28:56 Guard Tower
29:36 Guard Tower
29:38 Guard Tower
30:31 Guard Tower
30:37 Guard Tower
32:50 Altar of Kings
32:52 Keep
33:01 Altar of Kings
34:28 Farm
34:29 Farm
34:32 Farm
36:20 Castle
38:06 Lumber Mill
39:18 Scout Tower
39:19 Scout Tower
39:21 Scout Tower
39:22 Scout Tower
39:23 Scout Tower
42:17 Arcane Tower
42:18 Arcane Tower
42:19 Guard Tower
42:40 Scout Tower
42:43 Scout Tower
42:44 Scout Tower
42:46 Scout Tower
42:50 Town Hall
42:54 Scout Tower
42:55 Scout Tower
42:57 Scout Tower
43:01 Scout Tower
43:12 Arcane Tower
43:21 Guard Tower
43:31 Guard Tower
44:03 Guard Tower
44:06 Scout Tower
44:09 Scout Tower
44:11 Scout Tower
44:12 Scout Tower
44:13 Scout Tower
44:14 Scout Tower
44:33 Scout Tower
44:34 Scout Tower
44:35 Scout Tower
44:37 Scout Tower
44:42 Scout Tower
44:45 Scout Tower
44:48 Guard Tower
45:03 Guard Tower
45:13 Guard Tower
45:14 Guard Tower
45:36 Blacksmith
45:43 Guard Tower
45:49 Arcane Tower
45:56 Arcane Tower
45:58 Guard Tower
46:01 Guard Tower
54:21 Scout Tower
54:23 Scout Tower
54:36 Town Hall
54:40 Scout Tower
54:42 Scout Tower
54:44 Scout Tower
54:51 Guard Tower
55:08 Guard Tower
55:19 Guard Tower
55:22 Scout Tower
55:33 Scout Tower
55:34 Guard Tower
55:58 Guard Tower
56:03 Scout Tower
56:04 Scout Tower
56:05 Scout Tower
56:10 Guard Tower
56:12 Scout Tower
56:14 Scout Tower
56:15 Scout Tower
56:16 Scout Tower
56:33 Guard Tower
56:45 Guard Tower
57:01 Guard Tower
57:26 Guard Tower
57:40 Guard Tower
59:26 Scout Tower
59:34 Scout Tower
59:35 Scout Tower
60:05 Guard Tower
60:06 Scout Tower
60:09 Guard Tower
60:13 Scout Tower
60:14 Scout Tower
60:15 Scout Tower
60:16 Scout Tower
60:32 Guard Tower
60:39 Guard Tower
60:47 Guard Tower
61:37 Guard Tower
63:44 Guard Tower
69:43 Town Hall
69:46 Scout Tower
69:48 Scout Tower
69:50 Scout Tower
69:54 Scout Tower
69:55 Scout Tower
69:58 Scout Tower
69:59 Scout Tower
70:02 Scout Tower
70:03 Scout Tower
70:32 Guard Tower
70:48 Guard Tower
72:34 Guard Tower
72:37 Scout Tower
72:39 Scout Tower
72:40 Scout Tower
72:41 Scout Tower
72:44 Scout Tower
72:45 Scout Tower
72:46 Scout Tower
73:28 Guard Tower
76:01 Guard Tower
76:07 Scout Tower
76:09 Scout Tower
76:25 Scout Tower
76:37 Guard Tower
76:55 Guard Tower
77:00 Guard Tower
77:04 Scout Tower
77:05 Scout Tower
77:51 Guard Tower
78:39 Guard Tower
78:42 Guard Tower
79:06 Gryphon Aviary
79:21 Scout Tower
79:22 Scout Tower
79:24 Scout Tower
79:24 Scout Tower
79:30 Scout Tower
79:31 Scout Tower
79:32 Scout Tower
79:33 Scout Tower
79:34 Scout Tower
79:35 Scout Tower
79:37 Scout Tower
79:38 Scout Tower
83:40 Barracks
84:04 Guard Tower
86:00 Beastiary
88:40 Farm
93:41 Workshop
94:34 Arcane Vault
99:19 Farm
99:21 Farm
99:22 Farm
99:23 Farm
100:23 Scout Tower
100:34 Lumber Mill
100:39 Scout Tower
100:45 Scout Tower
100:47 Scout Tower
101:47 Guard Tower
101:49 Scout Tower
101:52 Scout Tower
102:02 Scout Tower
102:18 Scout Tower
102:20 Guard Tower
102:31 Scout Tower
102:32 Guard Tower
103:00 Guard Tower
103:02 Scout Tower
103:11 Scout Tower
103:14 Scout Tower
103:29 Guard Tower
103:37 Scout Tower
103:38 Scout Tower
103:47 Scout Tower
103:48 Scout Tower
103:50 Guard Tower
104:02 Scout Tower
104:27 Guard Tower
104:30 Scout Tower
104:32 Scout Tower
104:34 Guard Tower
104:54 Guard Tower
105:02 Guard Tower
105:07 Scout Tower
105:12 Scout Tower
105:19 Scout Tower
106:01 Guard Tower
106:06 Scout Tower
106:09 Scout Tower
106:25 Keep
106:42 Guard Tower
106:54 Scout Tower
107:22 Guard Tower
107:58 Keep
108:16 Scout Tower
108:19 Scout Tower
108:52 Guard Tower
109:24 Scout Tower
111:00 Arcane Tower
111:16 Scout Tower
111:19 Scout Tower
111:22 Scout Tower
111:23 Scout Tower
111:24 Scout Tower
112:07 Lumber Mill
113:14 Guard Tower
113:21 Arcane Tower
114:16 Guard Tower
116:59 Scout Tower
117:43 Arcane Tower
135:15 Scout Tower
135:17 Scout Tower
135:37 Lumber Mill
135:50 Lumber Mill
136:16 Scout Tower
137:07 Scout Tower
137:08 Scout Tower
137:10 Scout Tower
137:16 Guard Tower
138:02 Guard Tower
138:52 Scout Tower
138:56 Scout Tower
139:28 Guard Tower
139:36 Guard Tower
139:41 Scout Tower
139:42 Scout Tower
140:19 Guard Tower
140:24 Guard Tower
140:41 Guard Tower
141:09 Scout Tower
141:11 Scout Tower
141:37 Guard Tower
141:45 Scout Tower
142:21 Guard Tower
150:49 Scout Tower
150:52 Scout Tower
151:22 Guard Tower
151:28 Scout Tower
152:05 Guard Tower
250:20 Scout Tower
250:23 Scout Tower
250:52 Guard Tower
251:20 Guard Tower
259:38 Scout Tower
259:40 Scout Tower
259:42 Scout Tower
259:43 Scout Tower
260:10 Guard Tower
260:33 Guard Tower
261:25 Guard Tower
310:39 Arcane Vault
» items
| Scroll of Town Portal | 1 | |
| Mechanical Critter | 1 | |
2 total
TonyDaTaco (
yellow | 70 APM | 4292 actions | 60:54)
8 Blademaster
3 Wind Walk
3 Critical Strike
1 Bladestorm
1 Mirror Image
» actions
| Assign group hotkey | 18 | |
| Basic commands | 320 | |
| Build / train | 96 | |
| ESC pressed | 10 | |
| Enter build submenu | 48 | |
| Enter hero's abilities submenu | 9 | |
| Right click | 3194 | |
| Select / deselect | 377 | |
| Select group hotkey | 17 | |
| Use ability | 203 | |
4292 total
» units
| Peon | 17 | |
| Wind Rider | 2 | |
| Troll Batrider | 49 | |
68 total
» upgrades
| Spiked Barricades | 3 | |
| Armor | 3 | |
| Reinforced Defenses | 1 | |
| Liquid Fire | 1 | |
| Ranged Weapons | 3 | |
11 total
» buildings
| Altar of Storms | 1 | |
| Orc Burrow | 7 | |
| War Mill | 1 | |
| Watch Tower | 28 | |
| Stronghold | 1 | |
| Fortress | 1 | |
| Beastiary | 4 | |
| Voodoo Lounge | 1 | |
| Great Hall | 1 | |
45 total
» build order
00:15 Altar of Storms
00:22 Orc Burrow
01:13 War Mill
01:42 Orc Burrow
02:32 Watch Tower
02:39 Watch Tower
03:28 Watch Tower
03:40 Watch Tower
03:46 Watch Tower
04:25 Stronghold
04:47 Watch Tower
04:50 Watch Tower
05:00 Watch Tower
05:08 Watch Tower
05:12 Watch Tower
06:02 Watch Tower
06:24 Watch Tower
06:36 Orc Burrow
07:08 Watch Tower
07:21 Watch Tower
08:00 Watch Tower
08:05 Watch Tower
08:06 Fortress
09:08 Watch Tower
09:19 Beastiary
09:33 Beastiary
09:57 Watch Tower
10:10 Orc Burrow
11:40 Voodoo Lounge
11:50 Watch Tower
12:54 Orc Burrow
12:58 Watch Tower
14:04 Orc Burrow
14:07 Watch Tower
16:00 Orc Burrow
16:03 Watch Tower
22:28 Beastiary
22:37 Beastiary
37:00 Great Hall
37:05 Watch Tower
37:07 Watch Tower
37:10 Watch Tower
37:15 Watch Tower
39:55 Watch Tower
39:56 Watch Tower
» items
| Orb of Lightning | 1 | |
| Scroll of Town Portal | 1 | |
| Moonstone | 1 | |
| Lesser Clarity Potion | 1 | |
4 total
Chat log
(00:30 / All) bok_chow: \
(32:14 / All) bok_chow: IMMUNE RAPED
(35:48 / All) bok_chow: leave now\
(58:22 / All) e4)DeaTH: wow
(58:29 / All) e4)DeaTH: this game is taking foreve
(60:54 / All) bok_choi: D
(60:54 / All) bok_choi: D
(60:55 / All) bok_choi: D
(68:30 / All) e4)DeaTH: This is so gay, leave
(68:34 / All) e4)DeaTH: NOW
(68:35 / All) AvuncularLegume: no u
(68:39 / All) e4)DeaTH: We r winning
(68:42 / All) bok_chow: w
(70:41 / All) bok_chow: gg
(71:48 / All) e4)DeaTH: lOL
(71:59 / All) e4)DeaTH: We can play hide and go catch the queer all day
(72:07 / All) e4)DeaTH: Just leave
(74:59 / All) bok_chow: ty for focusing
(75:01 / All) bok_chow: sh
(75:03 / All) bok_chow: for my
(75:04 / All) bok_choi: gg
(75:07 / All) bok_chow: oranges bm
(79:06 / All) e4)DeaTH: dude
(81:04 / All) bok_chow: gg
(99:41 / All) bok_choi: nigger
(103:17 / All) bok_choi: o shit
(103:19 / All) bok_choi: not my empty
(103:21 / All) bok_choi: thing
(104:50 / All) bok_choi: im srry
(104:52 / All) bok_choi: u still winning?
(113:22 / All) bok_choi: like to be gay?
(115:28 / All) bok_choi: LOL
(125:19 / All) bok_choi: NIGGER
(125:23 / All) bok_chow: gg
(125:30 / All) bok_chow: time to expo a couple more
(126:09 / Allies) syph3r: what did i say
(126:10 / Allies) syph3r: not to do
(126:26 / Allies) AvuncularLegume: you could have been controlling him
(126:42 / Allies) syph3r: i was in the bathroom
(126:55 / Allies) AvuncularLegume: jon
(131:23 / All) bok_choi: way to be gay
(131:44 / All) AvuncularLegume: taste the rainbow
(131:52 / All) bok_choi: aint over
(131:56 / All) bok_chow: time to rebuild 3 expos
(136:09 / Allies) AvuncularLegume: how much resources do you have left
(136:22 / Allies) syph3r: how many
(136:25 / Allies) syph3r: how many resources
(136:28 / Allies) AvuncularLegume: y
(137:10 / Allies) AvuncularLegume: build more
(137:21 / Allies) AvuncularLegume: 4.5k g
(137:29 / Allies) syph3r: i know how much gold ih ave
(139:01 / Allies) syph3r: how many batriders died
(139:20 / Allies) AvuncularLegume: most, i think
(140:09 / Allies) syph3r: you know if that blademaster was alive we could have some concievable way to win the game
(140:23 / Allies) AvuncularLegume: on phone
(140:58 / Allies) AvuncularLegume: can't do this and that at same time effectively
(143:39 / Allies) AvuncularLegume: gugfgugf
(143:43 / Allies) AvuncularLegume: give gold
(143:46 / Allies) AvuncularLegume: 1.1k
(143:52 / Allies) AvuncularLegume: can get hero
(144:17 / Allies) AvuncularLegume: 5 more
(144:30 / Allies) AvuncularLegume: and 260 lumber
(144:49 / Allies) syph3r: hide it
(144:52 / Allies) syph3r: don't attack wit hit
(146:44 / Allies) syph3r: you might want to keep her on the island for now
(146:57 / Allies) syph3r: if you can sneak her over here
(147:01 / Allies) AvuncularLegume: can't
(147:43 / Allies) syph3r: cooldown
(148:42 / Allies) syph3r: need to wait till they're afk
(148:47 / Allies) syph3r: then go destroy all their buildings
(148:51 / Allies) AvuncularLegume: k
(149:45 / Allies) syph3r: well
(149:46 / Allies) syph3r: cover blon
(149:54 / Allies) syph3r: i guess it doesn't matter
(150:06 / Allies) syph3r: were those catapults?
(150:11 / Allies) AvuncularLegume: c
(150:26 / Allies) syph3r: what is he going to catapult
(150:30 / All) syph3r: MY TREES!!!!!
(150:35 / Allies) AvuncularLegume: haha
(152:19 / Allies) syph3r: i wonder what they're building
(154:12 / Allies) AvuncularLegume: 1k left
(154:22 / Allies) syph3r: i'm not sure they're building anything
(154:27 / Allies) AvuncularLegume: yeah
(154:40 / Allies) AvuncularLegume: use my hero
(154:43 / Allies) AvuncularLegume: kill
(154:50 / Allies) syph3r: what
(154:59 / All) syph3r: you guys should leave
(155:06 / Allies) syph3r: what about it?
(156:10 / All) syph3r: this is a good game
(159:07 / All) syph3r: you guys must have a lot of gold
(159:51 / Allies) syph3r: are you there
(159:57 / Allies) AvuncularLegume: c
(160:05 / Allies) syph3r: i'm trying to get them to respond
(160:08 / Allies) syph3r: to see if they're afk
(160:31 / All) syph3r: ;sup
(162:25 / Allies) AvuncularLegume: kill
(163:09 / Allies) syph3r: gonna wait till night
(163:14 / Allies) AvuncularLegume: k
(164:05 / Allies) AvuncularLegume: kill all peons and town halls first
(164:29 / Allies) AvuncularLegume: blink everywhere
(164:48 / All) bok_choi: o shit
(164:48 / Allies) syph3r: i didn't realize it was only 10 mana
(164:53 / All) bok_choi: not that useless building
(164:56 / Allies) AvuncularLegume: b
(164:58 / Allies) AvuncularLegume: b
(164:59 / Allies) AvuncularLegume: b
(165:08 / Allies) AvuncularLegume: not afk
(165:46 / All) bok_choi: brb
(165:52 / All) bok_choi: ok then
(166:49 / All) syph3r: i think all of your buildings are useless
(170:26 / Allies) syph3r: where the hell are there units
(170:34 / Allies) AvuncularLegume: their
(170:41 / Allies) syph3r: where?
(170:50 / Allies) syph3r: oh
(170:52 / Allies) syph3r: right
(172:30 / Allies) AvuncularLegume: blink
(174:34 / Allies) syph3r: you can use the mortar teamso
(174:45 / Allies) AvuncularLegume: on phone
(176:18 / Allies) AvuncularLegume: brb
(178:43 / All) bok_chow: im back
(178:45 / All) bok_chow: from dinner
(178:53 / All) bok_chow: holy fuck its been 3 hours u guys have no life ahahahah
(179:02 / All) bok_chow: guess choi has no life either
(179:15 / All) AvuncularLegume: I'm talking to my boyfriend
(179:55 / Allies) syph3r: brb
(180:47 / Allies) syph3r: back
(184:19 / Allies) syph3r: i'm gonna try again at night
(184:25 / Allies) AvuncularLegume: k
(186:32 / All) syph3r: where u go
(186:36 / Allies) AvuncularLegume: success
(195:56 / Allies) syph3r: hm
(196:11 / Allies) syph3r: gotta wait till they're afk
(197:00 / All) bok_chow: D
(197:00 / All) bok_chow: D
(197:12 / All) bok_choi: well unlike u
(197:17 / All) bok_choi: we dont have shit internet
(206:44 / Allies) syph3r: uh oh
(206:50 / Allies) AvuncularLegume: ?
(207:02 / Allies) syph3r: are you watching the game
(207:07 / Allies) AvuncularLegume: oh
(207:12 / Allies) AvuncularLegume: i wasnt
(207:43 / Allies) AvuncularLegume: why arent they building
(208:08 / Allies) syph3r: what would they build
(208:19 / Allies) AvuncularLegume: air units
(208:25 / Allies) syph3r: they have air units
(208:30 / Allies) AvuncularLegume: they have 30k gold
(216:33 / All) AvuncularLegume: okay I'm back
(216:40 / All) AvuncularLegume: my boyfriend said to say hello
(249:07 / All) bok_chow: how much shit u kill
(249:10 / All) bok_chow: while i was afk
(251:08 / All) bok_chow: ME
(251:54 / All) bok_chow: REPLAY
(252:05 / All) syph3r: sup
(252:18 / All) syph3r: it was a good game
(252:52 / All) syph3r: how much dmg those illusions do?
(252:58 / All) bok_chow: iunno
(253:02 / All) bok_chow: tell him
(253:02 / All) syph3r: is it zero
(253:03 / All) bok_chow: i was afk
(253:09 / All) bok_chow: i didnt attack ur shit
(253:13 / All) syph3r: uh huh
(255:01 / All) bok_chow: u guys have no life
(255:10 / All) syph3r: maybe you should leave
(255:11 / All) bok_chow: u been siting here for 5 hours
(255:16 / All) bok_chow: Y ?
(255:23 / All) AvuncularLegume: you guys are here too
(255:25 / All) syph3r: how long have you been sitting here
(255:26 / All) bok_choi: we been afk
(255:27 / All) bok_chow: u know wat i accomplished in that hour
(255:28 / All) bok_choi: scrub
(255:30 / All) syph3r: yeah me too
(255:31 / All) bok_chow: i tooka bath
(255:35 / All) bok_chow: did homeowrk hahaha
(255:36 / All) bok_chow: sure
(255:36 / All) AvuncularLegume: I've been talking to my boyfriend
(255:40 / All) AvuncularLegume: but I guess you don't believe me
(255:41 / All) bok_choi: lol
(255:43 / All) bok_choi: AHAHAH
(255:45 / All) bok_chow: im not
(255:47 / All) bok_choi: UR BOYFRIEND?
(255:51 / All) bok_chow: i watch replay see if u afk
(255:53 / All) bok_choi: PROBABLY FAT AS HELL
(255:57 / All) bok_chow: watch u move ur units and shit
(255:58 / All) bok_choi: what girl sits on the comp
(256:00 / All) bok_choi: for 10 hours
(256:01 / All) bok_chow: for the past 5 min
(256:13 / All) AvuncularLegume: words hurt, fellas
(256:16 / All) syph3r: the kind of girl who's KICKING YO ASS
(256:24 / All) bok_choi: k then
(256:36 / All) syph3r: but seriously you guys are pretty good
(256:48 / All) syph3r: AT LOSING
(264:07 / All) bok_choi: i got 3.5k but i dont wanna spend it D:
(265:58 / All) bok_choi: afk eh
(278:41 / All) bok_chow: u guys actually haveno life not even kidding hahahaha
(295:26 / All) bok_choi: wat bitch
(297:46 / All) AvuncularLegume: what did you guys spend 30k gold on
(297:53 / All) bok_choi: still got it
(297:54 / All) AvuncularLegume: that's how much gold was left in the mines when we got stuck up here
(297:57 / All) bok_choi: i dont wanna spend it
(298:05 / All) bok_choi: cause
(298:11 / All) bok_choi: no point
(298:15 / All) bok_choi: of building more birds
(298:18 / All) bok_choi: for u to kill
(298:23 / All) bok_choi: notice how/
(298:27 / All) bok_choi: when u kill my aor
(298:29 / All) bok_choi: air
(298:33 / All) bok_choi: i have same amount
(298:43 / All) syph3r: what
(298:45 / All) syph3r: u say
(298:50 / All) bok_choi: go press chat
(303:02 / All) bok_choi: mort down
(303:56 / All) bok_choi: howd u get ur warden back anyways
(304:05 / All) syph3r: it never died
(304:11 / All) bok_choi: no we killed it
(304:15 / All) syph3r: then how is it here?
(304:17 / All) AvuncularLegume: no you didn't
(304:19 / All) bok_choi: lol
(304:22 / All) bok_choi: bitch D:
(314:29 / All) bok_chow: BACk guys im fucking drunk
(314:43 / All) syph3r: are you crunk
(315:34 / All) bok_chow: so how old are u guys
(318:04 / All) bok_chow: how old are u guys
(318:12 / All) syph3r: 42
(318:22 / All) bok_chow: o u live in ur moms basement
(318:23 / All) bok_chow: ?
(318:27 / All) syph3r: yes
(318:32 / All) bok_chow: were u in the 40 year old virgin
(318:43 / All) syph3r: my mom doesn't let me watch those movies
(323:34 / All) bok_choi: like em birds?
(341:40 / All) syph3r: build some more buildings
(344:16 / All) syph3r: do you guys have school tomorrow
(357:09 / All) AvuncularLegume: are you still drunk